 Dungeon Crawl Stone Soup version 0.32-a0-986-ga09f62fbf4 (webtiles) character file.

Game seed: 9235515611044072652

203 Dirtsage the Sneak (level 5, 0/38 HPs)
             Began as a Demonspawn Brigand on Apr 22, 2024.
             Splashed by a jelly's acid (4 damage)
             ... on level 3 of the Dungeon.
             The game lasted 00:04:08 (1976 turns).

Dirtsage the Sneak (Demonspawn Brigand)             Turns: 1976, Time: 00:04:08

Health: 0/38       AC:  6    Str: 12    XL:     5   Next: 51%
Magic:  5/5        EV: 10    Int: 11    God:
Gold:   64         SH:  0    Dex: 16    Spells: 4/4 levels left

rFire   + . .        l - +0 dagger (speed)
rCold   . . .        (no shield)
rNeg    . . .        g - +0 leather armour
rPois   .            h - +0 helmet
rElec   .            c - +0 cloak
rCorr   .            (no gloves)
SInv    .            i - +0 pair of boots
Will    .....        (no amulet)
Stlth   ++++         F - ring of protection from fire
HPRegen 0.26/turn    n - +4 ring of protection
MPRegen 0.09/turn

%: no passive effects
@: corroded, wreathed by umbra
A: ignite blood 1, weakness stinger 1, foul shadow 1
a: no special abilities


You were on level 3 of the Dungeon.
You visited 1 branch of the dungeon, and saw 3 of its levels.

You collected 64 gold pieces.

Inventory:

Hand Weapons
 a - a +2 dagger
 l - a +0 dagger of speed (weapon)
 o - a +0 falchion of flaming
Missiles
 d - 32 poisoned darts (quivered)
 e - 3 curare-tipped darts
Armour
 b - a +0 robe
 c - a +0 cloak (worn)
 g - a +0 leather armour (worn)
 h - a +0 helmet (worn)
 i - a +0 pair of boots (worn)
Magical Staves
 m - a staff of cold
Jewellery
 n - a +4 ring of protection (right hand)
 F - a ring of protection from fire (left hand)
 W - a ring of wizardry
Scrolls
 j - a scroll of butterflies {unknown}
Potions
 f - a potion of degeneration {unknown}
 k - 3 potions of cancellation {unknown}


   Skills:
 - Level 2.0 Fighting
 * Level 4.4 Short Blades
 - Level 1.7 Throwing
 - Level 0.8 Dodging
 + Level 4.8 Stealth


You had 4 spell levels left.
You didn't know any spells.
Your spell library contained the following spells:

 Spells                   Type           Power      Damage    Failure   Level
 Blink                    Tloc           0%         N/A       56%         2
 Ensorcelled Hibernation  Hex/Ice        0%         N/A       56%         2
 Lesser Beckoning         Tloc           0%         N/A       56%         2
 Momentum Strike          Conj/Tloc      0%         3d8       56%         2
 Passwall                 Erth           0%         N/A       80%         3
 Swiftness                Air            0%         N/A       80%         3


Dungeon Overview and Level Annotations

Branches:
Dungeon (3/15)

Altars:

Annotations:
D:3 exclusion: door


Innate Abilities, Weirdness & Mutations

Your demonic aura sometimes causes spilled blood to erupt in flames.
You have a small tail.
You are faintly shadowed, very rarely releasing foul flame when damaged in melee.


Message History

You are splashed with acid!
You take 14 damage, and have 13/38 hp.
MASSIVE DAMAGE!!
Something hits the fungus.
The fungus begins to die.
The fungus is splashed with acid!
The acid corrodes the fungus!
The endoplasm quivers.
Things that are here:
a +0 short sword; 2 stones; a kobold corpse
There is an open door here.
You close the door.
Press: ? - help, v - describe, . - travel A closed door.
This square is wreathed by an umbra.
Placed new exclusion.
Reduced exclusion size to a single square.
You hear a slurping noise.
The jelly eats the door!
There are monsters nearby!
You hit the jelly.
Your hands burn!
The jelly is almost dead.
You take 2 damage, and have 15/38 hp.
You hit the jelly but do no damage.
Your hands burn!
The jelly is almost dead.
The jelly closely misses you.
You take 2 damage, and have 13/38 hp.
You hit the jelly.
Your hands burn!
* * * LOW HITPOINT WARNING * * *
The jelly is almost dead.
The jelly barely misses you.
You take 2 damage, and have 11/38 hp.
You hit the jelly but do no damage.
Your hands burn!
* * * LOW HITPOINT WARNING * * *
The jelly is almost dead.
You take 4 damage, and have 7/38 hp.
You hit the jelly but do no damage.
Your hands burn!
* * * LOW HITPOINT WARNING * * *
The jelly is almost dead.
The jelly barely misses you.
You take 3 damage, and have 4/38 hp.
You hit the jelly.
Your hands burn!
You die...

####.#.########'''##
.....#.# ##...##
######.#######).)..##
...........##.)))...#
######.###.##.......#
..(..#.###.##.......#
...........##.[.....#
####.#.#########....#
.......# ##JJJ@..÷#
####...# #.########
#...# ##..JJ.)## ##
#...# #######J# ..
....# ..J..÷.P.#
###....# ÷PJ÷...J.#
..#....# ...P÷P÷.J#
#.#..... ...P.P...#
..# .P÷P.....#


You could see a jelly and 2 endoplasms.

Vanquished Creatures
  Jessica (D:2)
  An orc wizard (D:3)
  Robin (D:3)
  4 adders
  A dart slug (D:3)
  A ribbon worm (D:2)
  9 orcs (D:3)
  8 ball pythons
  4 endoplasms
  4 giant cockroaches
  10 goblins
  7 hobgoblins
  3 jackals (D:2)
  13 kobolds
  6 quokkas
  6 bats
  2 frilled lizards (D:1)
  5 rats
86 creatures vanquished.

Notes
Turn   | Place    | Note
-------+----------+-------------------------------------------
     0 | D:1      | Dirtsage the Demonspawn Brigand began the quest for the
                  | Orb.
     0 | D:1      | Reached XP level 1. HP: 16/16 MP: 1/1
   246 | D:1      | Gained mutation: Your demonic aura sometimes causes spilled
                  | blood to erupt in flames. [demonic ancestry]
   246 | D:1      | Reached XP level 2. HP: 22/22 MP: 2/2
   569 | D:1      | Gained mutation: You have a small tail. [demonic ancestry]
   569 | D:1      | Reached XP level 3. HP: 27/27 MP: 3/3
  1069 | D:2      | Reached XP level 4. HP: 19/33 MP: 4/4
  1234 | D:2      | Noticed Jessica
  1243 | D:2      | Killed Jessica
  1566 | D:3      | Noticed Robin
  1583 | D:3      | Killed Robin
  1595 | D:3      | Gained mutation: You are faintly shadowed, very rarely
                  | releasing foul flame when damaged in melee. [demonic
                  | ancestry]
  1595 | D:3      | Reached XP level 5. HP: 37/38 MP: 5/5
  1976 | D:3      | Splashed by a jelly's acid

Illustrated notes

Levels and vault maps discovered:
D:1:      eino_arrival_water_cross, layout_basic
D:2:      layout_rooms, serial_forest, infiniplex_forest_lined_2,
          infiniplex_forest_lined_corner, infiniplex_forest_zigzag_2,
          infiniplex_forest_lined_4_way, kennysheep_jessica_study
D:3:      cheibrodos_fertilizer, layout_basic,
          hellmonk_ecumenical_altar_slurped_away, cheibrodos_gnoll_hut,
          uniq_robin

Skill      XL: |  1  2  3  4 |
---------------+-------------+-----
Short Blades   | 2 3 4 |  4.4
Stealth        | 4 |  4.8
Fighting       | |  2.0
Throwing       | |  1.7
Dodging        | |  0.8

Action                     |  1- 3 |  4- 6 || total
---------------------------+-------+-------++-------
  Melee: Dagger            |   188 |   200 ||   388
         Tailslap          |    14 |    21 ||    35
  Throw: Dart              |     1 |     1 ||     2
   Stab: Sleeping          |     6 |     9 ||    15
         Distracted        |     1 |       ||     1
 Armour: Robe              |    17 |       ||    17
         Leather armour    |    73 |    79 ||   152
  Dodge: Dodged            |    75 |    76 ||   151

Table legend: (Time is in decaauts)
 A = Elapsed time spent in this place.
 B = Non-inter-level travel time spent in this place.
 C = Inter-level travel time spent in this place.
 D = Time resting spent in this place.
 E = Time spent auto-exploring this place.
 F = Levels seen in this place.
 G = Mean time per level.
                   A        B        C        D        E       F      G
               +--------+--------+--------+--------+--------+-----+--------+
         Total |   1828 |   1755 |     73 |      0 |   1219 |   3 |  609.3 |
       Dungeon |   1828 |   1755 |     73 |      0 |   1219 |   3 |  609.3 |
               +--------+--------+--------+--------+--------+-----+--------+

Top non-repeatable levels by time:
     D:1: 747 daAuts
     D:2: 660 daAuts
     D:3: 420 daAuts
